 Dungeon Crawl Stone Soup version 0.28-a0-1629-gf728b707aa (webtiles) character file.

Game seed: 11885548975818750851

1 fragbeetle the Chopper (level 1, 0/19 HPs)
             Began as a Hill Orc Cinder Acolyte on Jan 25, 2022.
             Was a High Priest of Ignis.
             Slain by a dart slug (1 damage)
             ... on level 1 of the Dungeon.
             The game lasted 00:00:15 (65 turns).

fragbeetle the Chopper (Hill Orc Cinder Acolyte)      Turns: 65, Time: 00:00:15

Health: 0/19       AC:  2    Str: 16    XL:     1   Next: 20%
Magic:  2/2        EV: 11    Int: 14    God:    Ignis [*****.]
Gold:   11         SH:  0    Dex:  6    Spells: 2/2 levels left

rFire   + . .      SeeInvis .   a - -1 hand axe (flame)
rCold   . . .      Faith    .   (no shield)
rNeg    . . .      Spirit   .   b - +0 robe
rPois   .          Reflect  .   (no helmet)
rElec   .          Harm     .   (no cloak)
rCorr   .          Rampage  .   (no gloves)
Will    .....                   (no boots)
Stlth   +.........              (no amulet)
HPRegen 0.06/turn               (no ring)
MPRegen 0.08/turn               (no ring)

@: no status effects
A: no striking features
a: Renounce Religion, Fiery Armour, Foxfire Swarm, Rising Flame


You were on level 1 of the Dungeon.
You worshipped Ignis.
Ignis was extremely pleased with you.
You visited 1 branch of the dungeon, and saw 1 of its levels.

You collected 11 gold pieces.

Inventory:

Hand Weapons
 a - a -1 hand axe of flaming (weapon)
Armour
 b - a +0 robe (worn)


   Skills:
 + Level 3.6 Fighting
 * Level 4.0 Axes
 - Level 1.0 Spellcasting
 * Level 3.3 Fire Magic


You had 2 spell levels left.
You didn't know any spells.
Your spell library contained the following spells:

 Spells                   Type           Power      Damage    Failure   Level
 Scorch                   Fire           20%        2d6       10%         2


Dungeon Overview and Level Annotations

Branches:
Dungeon (1/15)

Altars:


Message History

Unknown command.
Okay, then.
Unknown command.
Found a ring mail.
You now have 11 gold pieces.
You open the door.
There is an open door here.
A giant cockroach comes into view.
You hit the giant cockroach. You burn the giant cockroach.
You kill the giant cockroach!
A dart slug comes into view.
A dart slug is nearby!
The dart slug launches a dart at you. The slug dart hits you.
The dart slug launches a dart at you. The slug dart misses you.
A hobgoblin comes into view.
The hobgoblin shouts!
The dart slug completely misses you.
You completely miss the dart slug. The dart slug closely misses you.
You hit the dart slug. You burn the dart slug.
The dart slug is moderately wounded.
The dart slug launches a dart at you. The slug dart hits you.
You hit the dart slug but do no damage.
The dart slug is moderately wounded.
You hit the dart slug. You burn the dart slug.
The dart slug is severely wounded.
The dart slug bites you.
You hit the dart slug but do no damage.
The dart slug is severely wounded.
The dart slug launches a dart at you. The slug dart hits you.
* * * LOW HITPOINT WARNING * * *
You hit the dart slug. You burn the dart slug.
The dart slug is almost dead.
You hit the hobgoblin but do no damage. The hobgoblin hits you.
* * * LOW HITPOINT WARNING * * *
The dart slug bites you.
You die...

#.# #...###............[
##.###.#.#.......≈≈≈......
#......#.+.....≈≈≈≈≈≈≈....
#..###.###....≈≈≈≈≈≈≈≈≈...
#..# #.# ################
#..# #.# #..# #.# #..#
#.#######.# #..#
#.....@w..#
......####..g...... #.###.
######.... .. ##. .#. .#.
# #.


You could see a dart slug and a hobgoblin.

Vanquished Creatures
  A giant cockroach (D:1)
1 creature vanquished.

Notes
Turn   | Place    | Note
-------+----------+-------------------------------------------
     0 | D:1      | fragbeetle the Hill Orc Cinder Acolyte began the quest for
                  | the Orb.
     0 | D:1      | Reached XP level 1. HP: 19/19 MP: 2/2
    65 | D:1      | Slain by a dart slug

Illustrated notes

Levels and vault maps discovered:
D:1:      nzn_arrival_depleted_hourglass, layout_loops_ring,
          shapermc_ecumenical_altar_rom_forum, minmay_strange_pillars,
          serial_park_tiny_pond, due_unseen_surprise

Action                   || total
-------------------------++-------
Melee: Hand axe          ||     7
Dodge: Dodged            ||     3

Table legend: (Time is in decaauts)
 A = Elapsed time spent in this place.
 B = Non-inter-level travel time spent in this place.
 C = Inter-level travel time spent in this place.
 D = Time resting spent in this place.
 E = Time spent auto-exploring this place.
 F = Levels seen in this place.
 G = Mean time per level.
                   A        B        C        D        E       F      G
               +--------+--------+--------+--------+--------+-----+--------+
         Total |     65 |     65 |      0 |      0 |     49 |   1 |   65.0 |
       Dungeon |     65 |     65 |      0 |      0 |     49 |   1 |   65.0 |
               +--------+--------+--------+--------+--------+-----+--------+

Top non-repeatable levels by time:
     D:1: 65 daAuts
